General information
- name: BNet
- type: Ladder team game (AT/RT)
- host: Battle.net
- saver: eatmillker
map: Mur'gulOasis
- players: 8
- length: 25:45
- speed: Fast
- version: 1.28 W3XP
- replay type: Public
» download(185 KB)
Players
team 1 (loser)

»
BLINKANDURDEAD (
yellow | 94 APM | 1794 actions | 19:07)
5 Blademaster
2 Wind Walk
3 Critical Strike
2 Shadow Hunter
1 Hex
1 Healing Wave
» actions
| Assign group hotkey | 35 | |
| Basic commands | 21 | |
| Build / train | 60 | |
| ESC pressed | 4 | |
| Enter build submenu | 16 | |
| Enter hero's abilities submenu | 7 | |
| Give item / drop item | 2 | |
| Right click | 991 | |
| Select / deselect | 255 | |
| Select group hotkey | 303 | |
| Use ability | 100 | |
1794 total
» units
| Peon | 7 | |
| Grunt | 7 | |
| Troll Batrider | 8 | |
| Raider | 3 | |
25 total
» upgrades
| Berserker Strength | 1 | |
| Pillage | 1 | |
| Melee Weapons | 2 | |
| Armor | 1 | |
| Ensnare | 1 | |
| Ranged Weapons | 3 | |
9 total
» buildings
| Altar of Storms | 1 | |
| Orc Burrow | 9 | |
| Barracks | 1 | |
| Voodoo Lounge | 1 | |
| Stronghold | 1 | |
| War Mill | 1 | |
| Beastiary | 2 | |
| Fortress | 1 | |
17 total
» build order
00:09 Altar of Storms
00:20 Orc Burrow
00:37 Barracks
01:37 Orc Burrow
01:54 Voodoo Lounge
03:21 Orc Burrow
04:10 Stronghold
04:38 War Mill
05:14 Orc Burrow
07:27 Beastiary
10:03 Beastiary
10:22 Fortress
10:44 Orc Burrow
13:24 Orc Burrow
13:25 Orc Burrow
13:26 Orc Burrow
15:15 Orc Burrow
» items
| Healing Salve | 5 | |
| Scroll of Speed | 2 | |
| Boots of Speed | 1 | |
| Circlet of Nobility | 1 | |
| Scroll of Town Portal | 1 | |
| Orb of Lightning | 1 | |
11 total

»
mulhaminator54 (
blue | 37 APM | 703 actions | 19:05)
4 Archmage
2 Summon Water Elemental
2 Brilliance Aura
2 Paladin
1 Holy Light
1 Devotion Aura
» actions
| Assign group hotkey | 7 | |
| Build / train | 49 | |
| Enter build submenu | 19 | |
| Enter hero's abilities submenu | 6 | |
| Right click | 312 | |
| Select / deselect | 185 | |
| Select group hotkey | 97 | |
| Use ability | 28 | |
703 total
» units
| Peasant | 13 | |
| Rifleman | 13 | |
| Mortar Team | 7 | |
33 total
» upgrades
| Gunpowder | 2 | |
| Long Rifles | 1 | |
| Armor | 2 | |
| Fragmentation Shards | 1 | |
6 total
» buildings
| Altar of Kings | 1 | |
| Farm | 12 | |
| Blacksmith | 1 | |
| Barracks | 2 | |
| Lumber Mill | 1 | |
| Keep | 1 | |
| Workshop | 1 | |
| Castle | 1 | |
20 total
» build order
00:09 Altar of Kings
00:11 Farm
00:25 Blacksmith
01:31 Barracks
01:41 Farm
02:00 Barracks
02:17 Farm
03:04 Lumber Mill
03:33 Farm
04:25 Farm
06:01 Keep
06:48 Farm
07:31 Farm
08:32 Workshop
10:06 Farm
10:52 Farm
10:54 Castle
11:31 Farm
13:02 Farm
14:07 Farm
eatmillker (
green | 98 APM | 2530 actions | 25:45)
6 Blademaster
3 Wind Walk
2 Critical Strike
1 Bladestorm
4 Shadow Hunter
2 Hex
2 Healing Wave
» actions
| Assign group hotkey | 104 | |
| Basic commands | 47 | |
| Build / train | 91 | |
| ESC pressed | 12 | |
| Enter build submenu | 35 | |
| Enter hero's abilities submenu | 10 | |
| Give item / drop item | 6 | |
| Right click | 1166 | |
| Select / deselect | 367 | |
| Select group hotkey | 491 | |
| Use ability | 201 | |
2530 total
» units
| Peon | 13 | |
| Grunt | 11 | |
| Wind Rider | 3 | |
| Troll Batrider | 6 | |
33 total
» upgrades
| Berserker Strength | 1 | |
| Pillage | 1 | |
| Armor | 1 | |
| Ranged Weapons | 1 | |
| Reinforced Defenses | 1 | |
5 total
» buildings
| Orc Burrow | 6 | |
| Altar of Storms | 1 | |
| Barracks | 1 | |
| Voodoo Lounge | 2 | |
| Stronghold | 8 | |
| War Mill | 2 | |
| Beastiary | 2 | |
| Watch Tower | 12 | |
| Fortress | 3 | |
| Great Hall | 2 | |
39 total
» build order
00:06 Orc Burrow
00:49 Altar of Storms
01:03 Barracks
01:19 Orc Burrow
01:42 Voodoo Lounge
03:08 Orc Burrow
04:02 Stronghold
04:02 Stronghold
04:03 Stronghold
05:35 War Mill
05:51 Orc Burrow
06:55 Beastiary
07:00 Beastiary
08:33 Watch Tower
08:35 Watch Tower
09:51 Fortress
09:51 Fortress
11:29 Great Hall
12:33 Watch Tower
12:34 Watch Tower
12:46 Watch Tower
16:03 Watch Tower
16:05 Watch Tower
16:11 Watch Tower
17:17 Watch Tower
17:19 Watch Tower
18:41 Great Hall
18:43 Watch Tower
19:56 Watch Tower
20:42 Orc Burrow
20:45 Orc Burrow
22:41 Voodoo Lounge
23:20 Stronghold
23:20 Stronghold
23:20 Stronghold
24:02 War Mill
» items
| Healing Salve | 11 | |
| Lesser Clarity Potion | 5 | |
| Boots of Speed | 2 | |
| Periapt of Vitality | 1 | |
| Circlet of Nobility | 1 | |
| Orb of Lightning | 1 | |
| Scroll of Town Portal | 1 | |
| Potion of Invisibility | 1 | |
| Dust of Appearance | 1 | |
24 total
HATECARRYNOOBS (
pink | 51 APM | 1266 actions | 25:02)
5 Demon Hunter
2 Evasion
3 Mana Burn
3 Keeper of the Grove
2 Entangling Roots
1 Thorns Aura
» actions
| Basic commands | 3 | |
| Build / train | 73 | |
| Enter build submenu | 23 | |
| Enter hero's abilities submenu | 8 | |
| Give item / drop item | 5 | |
| Right click | 586 | |
| Select / deselect | 498 | |
| Use ability | 70 | |
1266 total
» units
| Wisp | 15 | |
| Chimaera | 6 | |
| Hippogryph | 6 | |
| Troll Batrider | 7 | |
| Siege Engine | 4 | |
| Peasant | 1 | |
39 total
» upgrades
| Ultravision | 1 | |
| Strength of the Wild | 3 | |
| Reinforced Hides | 3 | |
| Nature's Blessing | 1 | |
| Well Spring | 1 | |
| Corrosive Breath | 1 | |
| Reinforced Defenses | 1 | |
| Barrage | 1 | |
| Masonry | 1 | |
| Gunpowder | 1 | |
| Plating | 1 | |
15 total
» buildings
| Moon Well | 7 | |
| Altar of Elders | 1 | |
| Hunter's Hall | 1 | |
| Ancient Protector | 5 | |
| Tree of Ages | 1 | |
| Ancient of Wonders | 1 | |
| Tree of Eternity | 1 | |
| Ancient of Wind | 2 | |
| Chimaera Roost | 2 | |
| Orc Burrow | 1 | |
22 total
» build order
00:10 Moon Well
00:28 Altar of Elders
01:07 Moon Well
01:44 Hunter's Hall
02:28 Moon Well
03:01 Ancient Protector
03:05 Ancient Protector
03:10 Ancient Protector
03:30 Moon Well
03:53 Tree of Ages
04:30 Ancient of Wonders
06:16 Tree of Eternity
06:20 Ancient of Wind
08:42 Chimaera Roost
08:45 Chimaera Roost
09:48 Ancient of Wind
10:36 Moon Well
11:35 Moon Well
12:24 Ancient Protector
12:44 Ancient Protector
20:22 Orc Burrow
20:36 Moon Well
» items
| Boots of Speed | 2 | |
| Scroll of Town Portal | 2 | |
| Orb of Lightning | 1 | |
| Potion of Healing | 1 | |
6 total
team 2 (winner)

»
Dabu (
red | 57 APM | 1433 actions | 24:56)
4 Mountain King
2 Storm Bolt
2 Bash
» actions
| Assign group hotkey | 70 | |
| Basic commands | 51 | |
| Build / train | 56 | |
| ESC pressed | 11 | |
| Enter build submenu | 52 | |
| Enter hero's abilities submenu | 4 | |
| Right click | 308 | |
| Select / deselect | 320 | |
| Select group hotkey | 461 | |
| Use ability | 100 | |
1433 total
» units
| Peasant | 14 | |
| Footman | 3 | |
| Gryphon Rider | 4 | |
| Knight | 2 | |
| Dragonhawk Rider | 4 | |
27 total
» upgrades
| Swords | 3 | |
| Storm Hammers | 1 | |
| Animal War Training | 1 | |
| Lumber Harvesting | 2 | |
| Armor | 3 | |
| Cloud | 1 | |
| Magic Sentry | 1 | |
| Long Rifles | 1 | |
| Priest Training | 1 | |
14 total
» buildings
| Barracks | 1 | |
| Altar of Kings | 2 | |
| Scout Tower | 20 | |
| Farm | 11 | |
| Lumber Mill | 3 | |
| Arcane Tower | 2 | |
| Blacksmith | 1 | |
| Keep | 1 | |
| Arcane Vault | 1 | |
| Gryphon Aviary | 3 | |
| Castle | 1 | |
| Town Hall | 4 | |
| Guard Tower | 4 | |
| Arcane Sanctum | 1 | |
55 total
» build order
00:22 Barracks
00:35 Altar of Kings
00:51 Scout Tower
01:17 Farm
01:45 Lumber Mill
01:51 Farm
02:02 Arcane Tower
02:27 Farm
03:16 Farm
03:19 Farm
03:23 Blacksmith
03:42 Keep
03:59 Arcane Vault
06:04 Gryphon Aviary
06:06 Castle
06:10 Gryphon Aviary
06:15 Gryphon Aviary
06:37 Farm
06:51 Farm
07:58 Town Hall
08:49 Town Hall
08:54 Scout Tower
08:55 Scout Tower
08:56 Scout Tower
08:58 Scout Tower
09:25 Guard Tower
09:28 Guard Tower
09:30 Scout Tower
09:31 Scout Tower
10:35 Town Hall
11:11 Scout Tower
11:13 Scout Tower
11:14 Scout Tower
11:15 Scout Tower
11:30 Lumber Mill
11:56 Guard Tower
12:27 Guard Tower
12:40 Lumber Mill
13:10 Altar of Kings
15:19 Farm
15:22 Farm
15:26 Farm
15:29 Farm
20:04 Arcane Sanctum
20:14 Scout Tower
20:16 Scout Tower
20:57 Arcane Tower
20:59 Scout Tower
21:09 Scout Tower
21:10 Scout Tower
21:25 Scout Tower
21:28 Scout Tower
21:29 Scout Tower
21:30 Scout Tower
22:46 Town Hall
» items
| Orb of Fire | 1 | |
| Potion of Healing | 1 | |
2 total
879nvm (
orange | 92 APM | 2165 actions | 23:35)
4 Keeper of the Grove
2 Force of Nature
1 Entangling Roots
1 Thorns Aura
3 Dark Ranger
2 Black Arrow
1 Silence
3 Priestess of the Moon
2 Scout
1 Trueshot Aura
» actions
| Assign group hotkey | 33 | |
| Basic commands | 63 | |
| Build / train | 64 | |
| Enter build submenu | 14 | |
| Enter hero's abilities submenu | 10 | |
| Remove unit from queue | 1 | |
| Right click | 539 | |
| Select / deselect | 280 | |
| Select group hotkey | 1091 | |
| Use ability | 70 | |
2165 total
» units
| Wisp | 13 | |
| Archer | 16 | |
| Hippogryph | 12 | |
41 total
» upgrades
| Moon Armor | 1 | |
| Improved Bows | 1 | |
| Hippogryph Taming | 1 | |
| Marksmanship | 1 | |
4 total
» buildings
| Moon Well | 6 | |
| Altar of Elders | 1 | |
| Ancient of War | 2 | |
| Tree of Ages | 1 | |
| Hunter's Hall | 1 | |
| Ancient of Wind | 2 | |
| Tree of Eternity | 2 | |
| Ancient of Wonders | 1 | |
| Tree of Life | 1 | |
17 total
» build order
00:23 Moon Well
00:37 Altar of Elders
01:34 Ancient of War
01:43 Moon Well
01:49 Ancient of War
02:06 Moon Well
02:27 Moon Well
05:13 Tree of Ages
05:51 Hunter's Hall
06:08 Moon Well
08:20 Ancient of Wind
08:25 Ancient of Wind
08:34 Tree of Eternity
08:34 Tree of Eternity
11:30 Ancient of Wonders
20:28 Moon Well
22:50 Tree of Life
» items
Stratuspilot (
teal | 27 APM | 626 actions | 23:06)
6 Death Knight
3 Unholy Aura
2 Death Coil
1 Animate Dead
» actions
| Assign group hotkey | 2 | |
| Basic commands | 15 | |
| Build / train | 53 | |
| Enter build submenu | 29 | |
| Enter hero's abilities submenu | 6 | |
| Remove unit from queue | 8 | |
| Right click | 230 | |
| Select / deselect | 234 | |
| Use ability | 49 | |
626 total
» units
| Acolyte | 3 | |
| Ghoul | 8 | |
| Abomination | 7 | |
18 total
» upgrades
| Unholy Armor | 3 | |
| Disease Cloud | 1 | |
| Creature Carapace | 1 | |
| Unholy Strength | 1 | |
| Creature Attack | 2 | |
| Freezing Breath | 1 | |
9 total
» buildings
| Altar of Darkness | 1 | |
| Ziggurat | 9 | |
| Crypt | 1 | |
| Graveyard | 1 | |
| Nerubian Tower | 1 | |
| Halls of the Dead | 1 | |
| Spirit Tower | 4 | |
| Tomb of Relics | 1 | |
| Black Citadel | 3 | |
| Slaughterhouse | 2 | |
| Sacrificial Pit | 1 | |
| Boneyard | 1 | |
26 total
» build order
00:10 Altar of Darkness
00:40 Ziggurat
00:44 Ziggurat
01:10 Crypt
01:55 Graveyard
01:59 Nerubian Tower
02:06 Ziggurat
03:08 Ziggurat
03:55 Halls of the Dead
05:48 Spirit Tower
05:56 Tomb of Relics
06:02 Ziggurat
06:21 Black Citadel
06:21 Black Citadel
06:56 Slaughterhouse
07:22 Sacrificial Pit
08:03 Ziggurat
08:17 Ziggurat
09:01 Ziggurat
09:12 Spirit Tower
09:14 Spirit Tower
09:20 Ziggurat
10:04 Spirit Tower
10:47 Boneyard
11:16 Slaughterhouse
» items
Babu (
purple | 67 APM | 1738 actions | 25:45)
8 Archmage
3 Summon Water Elemental
3 Brilliance Aura
1 Mass Teleport
1 Blizzard
» actions
| Assign group hotkey | 101 | |
| Basic commands | 80 | |
| Build / train | 85 | |
| Enter build submenu | 46 | |
| Enter hero's abilities submenu | 8 | |
| Give item / drop item | 3 | |
| Remove unit from queue | 9 | |
| Right click | 597 | |
| Select / deselect | 338 | |
| Select group hotkey | 349 | |
| Use ability | 122 | |
1738 total
» units
| Peasant | 16 | |
| Footman | 4 | |
| Gryphon Rider | 5 | |
25 total
» upgrades
| Lumber Harvesting | 2 | |
| Masonry | 3 | |
| Storm Hammers | 1 | |
| Swords | 3 | |
| Armor | 3 | |
| Animal War Training | 1 | |
| Cloud | 1 | |
14 total
» buildings
| Altar of Kings | 1 | |
| Barracks | 1 | |
| Farm | 13 | |
| Arcane Vault | 1 | |
| Keep | 1 | |
| Lumber Mill | 1 | |
| Scout Tower | 30 | |
| Arcane Tower | 2 | |
| Castle | 1 | |
| Town Hall | 2 | |
| Gryphon Aviary | 4 | |
| Blacksmith | 2 | |
| Guard Tower | 9 | |
68 total
» build order
00:51 Altar of Kings
00:55 Barracks
00:57 Farm
00:58 Farm
01:08 Farm
01:38 Farm
03:03 Arcane Vault
03:39 Keep
04:08 Lumber Mill
04:10 Scout Tower
04:59 Arcane Tower
06:38 Castle
07:59 Town Hall
08:06 Town Hall
08:19 Scout Tower
08:19 Scout Tower
08:19 Scout Tower
08:19 Scout Tower
08:20 Scout Tower
08:21 Scout Tower
08:22 Scout Tower
08:23 Scout Tower
08:50 Gryphon Aviary
08:51 Gryphon Aviary
08:52 Gryphon Aviary
08:54 Blacksmith
08:55 Blacksmith
09:03 Guard Tower
09:04 Guard Tower
09:05 Guard Tower
09:23 Guard Tower
10:17 Arcane Tower
10:49 Farm
14:27 Scout Tower
14:27 Scout Tower
14:28 Scout Tower
14:29 Scout Tower
14:29 Scout Tower
14:31 Scout Tower
14:31 Scout Tower
14:31 Scout Tower
17:20 Guard Tower
19:19 Farm
19:20 Farm
19:20 Farm
19:20 Farm
19:21 Farm
19:27 Farm
19:27 Farm
21:48 Scout Tower
21:49 Scout Tower
21:49 Scout Tower
21:49 Scout Tower
21:51 Scout Tower
21:52 Scout Tower
21:52 Scout Tower
21:52 Scout Tower
21:53 Scout Tower
21:53 Scout Tower
22:18 Guard Tower
22:20 Guard Tower
22:47 Guard Tower
23:01 Guard Tower
» items
| Scroll of Regeneration | 4 | |
| Mechanical Critter | 4 | |
| Periapt of Vitality | 1 | |
| Potion of Lesser Invulnerability | 1 | |
| Scroll of Town Portal | 3 | |
| Staff of Sanctuary | 1 | |
| Staff of Teleportation | 1 | |
15 total
Chat log
(00:13 / Allies) BLINKANDURDEAD: units?
(00:26 / Allies) eatmillker: yeah
(00:29 / Allies) mulhaminator54: mass rush
(00:31 / Allies) mulhaminator54: rifles
(00:40 / Allies) eatmillker: me cc
(00:42 / Allies) eatmillker: me not that kind of orc
(00:46 / Allies) mulhaminator54: lol
(00:49 / Allies) mulhaminator54: ur gonna get attacked
(00:54 / Allies) eatmillker: me not that kind of orc
(05:14 / Allies) mulhaminator54: green is about to get rushed
(05:18 / Allies) eatmillker: great
(08:59 / Allies) mulhaminator54: omw green
(09:30 / Allies) HATECARRYNOOBS: RED
(09:31 / Allies) HATECARRYNOOBS: EXPO
(09:31 / Allies) HATECARRYNOOBS: E
(10:31 / Allies) BLINKANDURDEAD: b from that
(10:36 / Allies) mulhaminator54: im getting morts
(10:39 / Allies) mulhaminator54: plz get units guys
(11:42 / Allies) mulhaminator54: coming yellow
(11:43 / Allies) mulhaminator54: fight on
(11:54 / Allies) mulhaminator54: b to me
(12:01 / Allies) BLINKANDURDEAD: out
(12:06 / Allies) BLINKANDURDEAD: out
(12:16 / Allies) BLINKANDURDEAD: they have alot
(12:27 / Allies) eatmillker: dont lead them to my expo
(12:35 / Allies) mulhaminator54: lol
(12:36 / Allies) BLINKANDURDEAD: i think i need to get some bats
(12:43 / Allies) mulhaminator54: we need a lot of units
(12:46 / Allies) mulhaminator54: they have an expo
(13:21 / Allies) mulhaminator54: coming
(14:51 / Allies) BLINKANDURDEAD: b
(17:21 / Allies) BLINKANDURDEAD: gg
(18:09 / Allies) eatmillker: help
(18:11 / Allies) BLINKANDURDEAD: we're dead
(18:27 / Allies) mulhaminator54: we shouldve rushed
(18:47 / Allies) BLINKANDURDEAD: its gg
(18:47 / All) mulhaminator54: gg
(23:32 / All) Dabu: purp tk
(23:35 / All) eatmillker: hi dabu
(23:37 / All) HATECARRYNOOBS: Y?
(23:40 / All) Dabu: not again
(23:43 / All) eatmillker: lol
(23:46 / All) Dabu: the tk duo again
(23:54 / All) Dabu: thats actually not cool
(24:01 / All) Dabu: you said you wouldnt tk again
(24:08 / All) eatmillker: don't think I did
(24:10 / All) eatmillker: he might've
(24:11 / All) Babu: should we let dabu get the win?
(24:17 / All) Dabu: jesus christ
(24:19 / All) eatmillker: oh it's only him and pink left
(24:20 / All) eatmillker: aight
(24:23 / All) Dabu: every night
(24:25 / All) Dabu: :(
(24:29 / All) Babu: alright dabu
(24:33 / All) eatmillker: Kill my team's stuff
(24:34 / All) eatmillker: and kill pink
(24:42 / All) eatmillker: I'll kill my own buildings when all that is dead
(24:46 / All) eatmillker: don't touch my stuff, I got it
(25:01 / All) eatmillker: why'd he leave
(25:04 / All) eatmillker: lol
(25:23 / All) eatmillker: what team should get the loss
(25:29 / All) Babu: let's give dabu the tie
(25:35 / All) eatmillker: k